 Dungeon Crawl Stone Soup version 0.27-a0-1196-g3e9cee4cb2 (webtiles) character file.

Game seed: 13443688418145926957

85 Froggeryz the Sneak (level 4, -1/38 HPs)
             Began as a Ghoul Delver on May 27, 2021.
             Killed from afar by an orc wizard (6 damage)
             ... with a magic dart
             ... on level 3 of the Dungeon.
             The game lasted 00:03:47 (2128 turns).

Froggeryz the Sneak (Ghoul Delver)                  Turns: 2128, Time: 00:03:48

Health: -1/38      AC:  4    Str: 16    XL:     4   Next: 48%
Magic:  0/3        EV: 12    Int:  5    God:
Gold:   88         SH:  0    Dex: 16    Spells: 3/3 levels left

rFire    . . .     SeeInvis .     - Unarmed
rCold    + . .     Faith    .   (no shield)
rNeg     + + +     Spirit   +   a - +0 leather armour
rPois    ∞         Reflect  .   g - +0 helmet
rElec    .         Harm     .   (no cloak)
rCorr    .         Rampage  .   (no gloves)
Will     .....                  (no boots)
Stlth    +++.......             i - amulet of guardian spirit
HPRegen  0.00/turn              k - +6 ring of dexterity
MPRegen  0.08/turn              o - ring of flight

@: flying
A: claws 1, cold resistance 1, negative energy resistance 3, inhibited
regeneration, torment resistance 2
a: no special abilities


You were on level 3 of the Dungeon.
You visited 1 branch of the dungeon, and saw 5 of its levels.

You collected 124 gold pieces.
You spent 36 gold pieces at shops.

Inventory:

Armour
 a - a +0 leather armour (worn)
 g - a +0 helmet (worn)
Jewellery
 i - an amulet of guardian spirit (around neck)
 j - a ring of ice
 k - a +6 ring of dexterity (left claw)
 l - a ring of ice
 o - a ring of flight (right claw)
Wands
 f - a wand of digging (3)
 p - a wand of flame (13)
Scrolls
 b - a scroll of fog
 c - 2 scrolls of magic mapping
 d - 6 scrolls of fear
 h - 2 scrolls of teleportation {unknown}
Potions
 e - a potion of haste
 n - a potion of might {unknown}


   Skills:
 - Level 3.2 Fighting
 + Level 0.6 Armour
 - Level 1.7 Dodging
 - Level 5.4 Stealth
 * Level 4.9 Unarmed Combat


You had 3 spell levels left.
You didn't know any spells.
Your spell library contained the following spells:

 Spells                   Type           Power      Damage    Failure   Level
 Confusing Touch          Hex            0%         N/A       89%         3
 Gell's Gravitas          Tloc           0%         N/A       89%         3
 Petrify                  Tmut/Erth      0%         N/A       100%        4
 Metabolic Englaciation   Hex/Ice        0%         N/A       100%        5
 Yara's Violent Unravell  Hex/Tmut       0%         3d3       100%        5


Dungeon Overview and Level Annotations

Branches:
Dungeon (5/15)
 Temple: D:4-7

Altars:

Shops:
D:2 *


Innate Abilities, Weirdness & Mutations

You thrive by killing the living.
You are immune to poison.
You have sharp fingernails.
Your flesh is cold resistant. (rC+)
You are immune to negative energy. (rN+++)
You do not regenerate when monsters are visible.
You are immune to unholy pain and torment.


Message History

The orc hits you with a +0 club.
You scratch the orc wizard but do no damage.
The orc wizard is heavily wounded.
The orc wizard hits you but does no damage.
The orc hits you with a +0 club.
Your leather armour prevents you from hitting the orc wizard.
The orc wizard is heavily wounded.
The orc wizard casts a spell at you. The puff of flame hits you.
The orc hits you with a +0 club.
You barely miss the orc wizard.
The orc wizard is heavily wounded.
The orc wizard barely misses you. The orc hits you with a +0 club.
You feel less confused.
You miss the orc wizard.
The orc wizard is heavily wounded.
The orc wizard points at you and mumbles some strange words.
The puff of flame hits you!
* * * LOW HITPOINT WARNING * * *
You scratch the orc wizard but do no damage.
The orc wizard is heavily wounded.
The orc wizard hits you but does no damage.
The orc hits you but does no damage. The orc closely misses you.
You see here a rat corpse.
You feel better. The orc closely misses you.
You barely miss the orc wizard.
The orc wizard is heavily wounded.
The orc wizard hits you with a +0 dagger.
* * * LOW HITPOINT WARNING * * *
The orc barely misses you.
You scratch the orc wizard.
The orc wizard is severely wounded.
The orc hits you with a +0 mace.
* * * LOW HITPOINT WARNING * * *
The orc wizard barely misses you. The orc hits you but does no damage.
You closely miss the orc wizard.
The orc wizard is severely wounded.
The orc barely misses you. The orc wizard casts a spell at you.
The magic dart hits you!
You die...

#............#.###.#
##.###.#.#
.#######+#........#
#.#<..#.# ..
###..##### #.#####..
## #....# #......##
#.##.# ######.#
##+##.##### #.#
#....>....# #.#
+....o....# #.##
#....o@...# #...
#....o....# ####
####.##)......?.#
......)............
.#.#..#########.....
...... ..... ..#.#.
.... ....... ....
...####


You could see an orc wizard and 2 orcs.

Vanquished Creatures
  2 adders
  A worm (D:2)
  2 dart slugs (D:2)
  6 orcs
  A ball python (D:3)
  5 bats
  4 endoplasms
  2 giant cockroaches (D:2)
  2 goblins
  6 hobgoblins
  6 jackals
  4 kobolds
  2 quokkas
  A frilled lizard (D:3)
  3 rats
47 creatures vanquished.

Notes
Turn   | Place    | Note
-------+----------+-------------------------------------------
     0 | D:5      | Froggeryz the Ghoul Delver began the quest for the Orb.
     0 | D:5      | Reached XP level 1. HP: 19/19 MP: 0/0
    16 | D:5      | Noticed a gnoll shaman
    99 | D:4      | Noticed a jelly
   297 | D:3      | Noticed an orc wizard
   444 | D:3      | Reached XP level 2. HP: 25/26 MP: 1/1
   674 | D:2      | Reached XP level 3. HP: 8/31 MP: 0/2
   734 | D:2      | Found Jiuteudu's General Store.
   746 | D:2      | Found a faded altar of an unknown god.
  1170 | D:1      | Noticed an imperial myrmidon
  1170 | D:1      | Noticed a basilisk
  1171 | D:1      | Noticed a centaur
  1363 | D:1      | Reached XP level 4. HP: 35/38 MP: 3/3
  1815 | D:2      | Bought a potion of curing for 36 gold pieces
  2128 | D:3      | Killed from afar by an orc wizard

Illustrated notes

Levels and vault maps discovered:
D:1:      onia_arrival_zoo_common, layout_rooms, minivault_23,
          dk_noncrumbling_3, minmay_small_reverse_x
D:2:      layout_basic, chequers_ecumenical_altar_island, serial_shops, shop
D:3:      layout_basic, serial_glass, glass_columns_a, glass_columns_b
D:4:      layout_loops_cross, gammafunk_temple_overflow_arena,
          hangedman_decor_lopped, uniq_sigmund
D:5:      layout_basic, minivault_26, corexii_item_surrounded_by_moat

Skill      XL: |  1  2  3 |
---------------+----------+-----
Unarmed Combat | 3 4 |  4.9
Fighting       | |  3.2
Armour         | |  0.6
Dodging        | |  1.7
Stealth        | |  5.4

Action                   |  1- 3 |  4- 6 || total
-------------------------+-------+-------++-------
Melee: Unarmed           |    97 |    57 ||   154
       Punch             |     2 |     1 ||     3
  Use: Potion            |       |     1 ||     1
 Stab: Sleeping          |     8 |     2 ||    10
Armor: Leather armour    |    23 |    14 ||    37
Dodge: Dodged            |    57 |    36 ||    93

Table legend: (Time is in decaauts)
 A = Elapsed time spent in this place.
 B = Non-inter-level travel time spent in this place.
 C = Inter-level travel time spent in this place.
 D = Time resting spent in this place.
 E = Time spent auto-exploring this place.
 F = Levels seen in this place.
 G = Mean time per level.
                   A        B        C        D        E       F      G
               +--------+--------+--------+--------+--------+-----+--------+
         Total |   2118 |   2039 |     79 |    442 |    979 |   5 |  423.6 |
       Dungeon |   2118 |   2039 |     79 |    442 |    979 |   5 |  423.6 |
               +--------+--------+--------+--------+--------+-----+--------+

Top non-repeatable levels by time:
     D:3: 832 daAuts
     D:2: 713 daAuts
     D:1: 466 daAuts
     D:5: 54 daAuts
     D:4: 51 daAuts
